 Dungeon Crawl Stone Soup version 0.22-a0-800-g058c00f (webtiles) character file.

207 zishaf the Firebug (level 5, -1/52 HPs)
             Began as a Barachi Fire Elementalist on July 21, 2018.
             Slain by a gnoll (8 damage)
             ... on level 4 of the Dungeon.
             The game lasted 00:11:43 (4210 turns).

zishaf the Firebug (Barachi Fire Elementalist)      Turns: 4210, Time: 00:11:44

Health: -1/52      AC:  3    Str: 14    XL:     5   Next: 85%
Magic:  2/10       EV: 12    Int: 17    God:
Gold:   136        SH:  0    Dex: 12    Spells: 8/11 levels left

rFire    + . .     SeeInvis .   q - +2 whip (venom)
rCold    x . .     Gourm    .   (no shield)
rNeg     . . .     Faith    .   a - +0 robe
rPois    .         Spirit   .   (no helmet)
rElec    .         Reflect  .   (no cloak)
rCorr    .         Harm     .   h - +0 pair of gloves
MR       .....                  (no boots)
Stlth    ..........             (no amulet)
HPRegen  0.17/turn              n - ring of flight
MPRegen  0.12/turn              u - ring of fire

@: berserking, can't hop, quick
A: +LOS, swims, slowness 1, strong legs 1
a: Hop, Evoke Flight


You were on level 4 of the Dungeon.
You were not hungry.

You visited 1 branch of the dungeon, and saw 4 of its levels.

You collected 136 gold pieces.

Inventory:

Hand Weapons
 k - a +0 dagger
 q - a +2 whip of venom (weapon)
 r - a cursed -2 short sword
Armour
 a - a +0 robe (worn)
 h - a +0 pair of gloves (worn)
Jewellery
 n - a ring of flight (left hand)
 u - a ring of fire (right hand)
Scrolls
 b - 7 scrolls of identify {unknown}
 d - 3 scrolls of random uselessness {unknown}
 g - a scroll of enchant armour {unknown}
 m - a scroll of fog {unknown}
 o - 2 scrolls of remove curse {unknown}
 p - a scroll of blinking {unknown}
 s - 2 scrolls of teleportation {unknown}
 v - a scroll of fear {unknown}
 w - a scroll of magic mapping {unknown}
Potions
 e - a potion of brilliance {unknown}
 f - a potion of heal wounds {unknown}
 i - 2 potions of lignification {unknown}
 j - 2 potions of berserk rage
 t - a potion of haste {unknown}
Comestibles
 c - 6 rations
 l - 3 chunks of flesh


   Skills:
 - Level 2.1 Dodging
 - Level 1.7 Stealth
 + Level 3.9 Spellcasting
 + Level 3.4 Conjurations
 + Level 4.8 Fire Magic


You had 8 spell levels left.
You knew the following spells:

 Your Spells              Type           Power        Failure   Level  Hunger
a - Flame Tongue          Conj/Fire      ####.        3%          1    None
b - Throw Flame           Conj/Fire      ####..       4%          2    ##.....

Your spell library contained the following spells:

 Spells                   Type           Power        Failure   Level  Hunger
 Fireball                 Conj/Fire      ####......   63%         5    ######.
 Conjure Flame            Conj/Fire      ####....     9%          3    ###....
 Sticky Flame             Conj/Fire      ####....     28%         4    ####...
 Inner Flame              Hex/Fire       ###.....     19%         3    ###....


Dungeon Overview and Level Annotations

Branches:
Dungeon (4/15)
 Temple: D:4-7

Altars:

Annotations:
D:3 2 transporters, Tomodestructo's ghost, amateur GrBe


Innate Abilities, Weirdness & Mutations

Shadows flee at your approach. (+LOS)
You can swim through water.
You cover ground slowly.
You can hop short distances.


Message History

The bullfrog skeleton hits you.
* * * LOW HITPOINT WARNING * * *
Casting: Flame Tongue (safe; 3% risk of failure)
Confirm with . or Enter, or press ? or * to list all spells.
Aiming: Flame Tongue (safe; 3% risk of failure)
Press: ? - help, Shift-Dir - straight line, f - bullfrog skeleton
Aim: a bullfrog skeleton You feel a surge of power!
The flame tongue hits the bullfrog skeleton.
The bullfrog skeleton is heavily damaged.
The gnoll hits you.
* * * LOW HITPOINT WARNING * * *
The bullfrog skeleton barely misses you.
The gnoll misses you.
It was a potion of berserk rage.
A red film seems to cover your vision as you go berserk!
You feel yourself moving faster!
You feel mighty!
The bullfrog skeleton closely misses you.
The gnoll hits you!
You die...

#?.# ##########
#..#
#........####..#
####.######......)#
#....# #######.#
#.#### #.# #.# #.#
#.# ###########Z#
#.# #.@ZO.....#.#
#.# #g#######.#.#
#<# #g #......# #.#
#. #.##.### #.# #.
# #O# ... #. ..#
##. #. #..# .# #.
#..# .# #. ....


You could see an ogre, 2 gnolls and a bullfrog skeleton.

Vanquished Creatures
  6 adders
  2 gnolls (D:4)
  A shadow imp (D:2)
  An ooze (D:1)
  4 worms
  2 dart slugs (D:1)
  5 leopard geckos (D:2)
  13 orcs
  3 bats
  5 giant cockroaches
  9 goblins
  6 hobgoblins
  11 jackals
  3 kobolds
  2 quokkas
  3 ball pythons
  4 frilled lizards
  5 rats
85 creatures vanquished.

Notes
Turn   | Place    | Note
-------+----------+-------------------------------------------
     0 | D:1      | zishaf the Barachi Fire Elementalist began the quest for the Orb.
     0 | D:1      | Reached XP level 1. HP: 13/13 MP: 3/3
   173 | D:1      | Reached XP level 2. HP: 6/19 MP: 0/5
   424 | D:1      | Learned a level 2 spell: Throw Flame
   755 | D:1      | Reached XP level 3. HP: 24/24 MP: 2/7
  1915 | D:2      | Reached skill level 4 in Fire Magic
  1960 | D:2      | Reached XP level 4. HP: 29/30 MP: 1/8
  2957 | D:3      | Reached XP level 5. HP: 35/35 MP: 0/10
  3672 | D:3      | Found a transporter.
  3682 | D:3      | Found a transporter.
  3683 | D:3      | Noticed Tomodestructo's ghost (amateur GrBe)
  4172 | D:4      | Noticed an ogre
  4192 | D:4      | Noticed an ogre
  4210 | D:4      | Slain by a gnoll

Vault maps used:
D:1:      lightli_molten_gateway, hangedman_glass_garden
D:3:      gammafunk_ghost_stat_death
D:4:      serial_shops, kennysheep_mini_moat, first_ration, item_on_display_a

Skill      XL: |  1  2  3  4  5 |
---------------+----------------+-----
Conjurations   | 2 3 |  3.4
Spellcasting   | 3 |  3.9
Fire Magic     | 4 |  4.8
Dodging        | |  2.1
Stealth        | |  1.7

Action                   |  1- 3 |  4- 6 || total
-------------------------+-------+-------++-------
Melee: Unarmed           |     6 |       ||     6
       Whip              |       |    27 ||    27
       Dagger            |       |     1 ||     1
 Cast: Flame Tongue      |    74 |    82 ||   156
       Throw Flame       |     3 |    36 ||    39
 Abil: Hop               |     4 |     2 ||     6
  Use: Potion            |       |     1 ||     1
  Eat: Chunk             |     4 |     9 ||    13
Armor: Robe              |     5 |    11 ||    16
Dodge: Dodged            |    26 |    49 ||    75

Table legend:
 A = Spawn XP
 B = Non-spawn XP
 C = Spawn XP percentage of total XP
 D = Spawn monster count
 E = Non-spawn monster count
 F = Spawn count percentage of total count
 G = Total turns spent on level
                    A         B        C        D         E        F      G
               +---------+---------+-------+---------+---------+-------+---------
         Total |       0 |     296 |   0.0 |       0 |      85 |   0.0 |  4210
               +---------+---------+-------+---------+---------+-------+---------
           D:1 |       0 |      46 |   0.0 |       0 |      20 |   0.0 |  1474
           D:2 |       0 |     120 |   0.0 |       0 |      27 |   0.0 |  1554
           D:3 |       0 |     100 |   0.0 |       0 |      35 |   0.0 |  1121
           D:4 |       0 |      30 |   0.0 |       0 |       3 |   0.0 |    61
               +---------+---------+-------+---------+---------+-------+---------
